[Event "*** Titled Tuesday 3|2 Blitz"]
[Site "Chess.com"]
[Date "2016.06.07"]
[Round "8"]
[White "Alexander_Moskalenko"]
[Black "Fandorine"]
[Result "1-0"]
[WhiteElo "2679"]
[BlackElo "2592"]
[TimeControl "180+2"]
[EndTime "12:38:08 PDT"]
[Termination "Alexander_Moskalenko won by resignation"]

1. e4 c6 2. d4 d5 3. Nd2 dxe4 4. Nxe4 Bf5 5. Nc5 Nd7 6. Bd3 Bxd3 7. Nxd3 Ngf6 8. Nf3 e6 9. O-O Bd6 10. Qe2 O-O 11. b3 Qc7 12. Bb2 c5 13. c4 cxd4 14.
Bxd4 Rfe8 15. Nde5 Nxe5 16. Bxe5 Bxe5 17. Nxe5 Rad8 18.
Rfd1 Qc5 19. g3 h6 20. Kg2 a6 21. f4 b5 22. h3 bxc4 23. bxc4 Rd4 24. Rxd4 Qxd4 25. Rd1 Qc5 26. Qf2 Qa3 27. Qc2 Rc8 28. Rb1 Nd5 29. Qb3 Qa5 30. cxd5 Qd2+ 31. Kf1 Rc3 32. dxe6 Rxb3 33. exf7+ Kf8 34. Rxb3 Qd1+ 35. Kf2 Qd2+ 36. Kf3 Qd5+ 37. Ke3 Qc5+ 38. Kd2 Qf2+ 39. Kc3 Qxg3+ 40. Kc4 Qxf4+ 41. Kd5 Qd2+ 42. Ke6 1-0

[Event "*** Titled Tuesday 3|2 Blitz"]
[Site "Chess.com"]
[Date "2016.06.07"]
[Round "8"]
[White "Yaacovn"]
[Black "dondimi"]
[Result "0-1"]
[WhiteElo "2628"]
[BlackElo "2455"]
[TimeControl "180+2"]
[EndTime "12:38:16 PDT"]
[Termination "dondimi won by resignation"]

1. d4 Nf6 2. Nf3 g6 3. c4 Bg7 4. Nc3 O-O 5. g3 d6 6. Bg2 Nbd7 7. O-O e5 8. b3 c6 9. Ba3 exd4 10. Nxd4 Nc5 11.
b4 Ncd7 12. b5 c5 13. Nc2 Nb6 14. Ne3 Ng4 15. Qd3 Ne5 16. Qc2 Nexc4 17. Nxc4 Nxc4 18. Bc1 Qa5 19. Nd5 Bxa1 20. Qxc4 Be6 21. Qh4 Bxd5 22. Bxd5 Bg7 23. Qc4 a6 24. a4 axb5 25.
axb5 Qc7 26. Bf4 Be5 27. Bh6 Rfe8 28. Rb1 Qe7 29. Kg2 Bg7 30. Bf4 Qxe2 31. Bxf7+ Kh8 32. Qxe2 Rxe2 33. Bd5 Bd4 34. Bxb7 Rxf2+ 35. Kh3 Raa2 36.
Bxd6 Rxh2+ 37. Kg4 Kg7 38. Rf1 Raf2 39. Rxf2 Rxf2 40.
Bd5 h5+ 41. Kh3 Rb2 42. Bc4 Rb4 43. Bf1 Kf6 44. Bc7 c4 45. Bd6 0-1

[Event "*** Titled Tuesday 3|2 Blitz"]
[Site "Chess.com"]
[Date "2016.06.07"]
[Round "8"]
[White "aspired"]
[Black "KamilPlichta"]
[Result "1-0"]
[WhiteElo "2509"]
[BlackElo "2371"]
[TimeControl "180+2"]
[EndTime "12:38:16 PDT"]
[Termination "aspired won by resignation"]

1. e4 Nf6 2. e5 Nd5 3. d4 d6 4. Nf3 dxe5 5. Nxe5 c6 6. Bc4 Nd7 7. O-O Nxe5 8. dxe5 Bf5 9. Bb3 e6 10. c4 Nb4 11. Nc3 Qxd1 12. Rxd1 Nd3 13. Kf1 O-O-O 14. Be3 b6 15. f4 Bb4 16. a3 Ba5 17. Ne2 Nxb2 18.
Rxd8+ Rxd8 19. Nd4 Bd3+ 20. Kf2 Bxc4 21. Bxc4 Nxc4 22. Nxc6 Rd3 23. Rc1 Nxe3 24. Nb4+ Kb7 25. Nxd3 Nd5 26. Kf3 Bc3 27. Ke4 a5 28. g4 b5 29. f5 b4 30. axb4 axb4 31. fxe6 fxe6 32. Nc5+ Kc6 33. Nxe6 Ne7 34. Nxg7 Kc5 35. Nf5 Nc6 36. e6 Kc4 37. e7 Nxe7 38. Nxe7 b3 39. Nd5 b2 40. Rxc3+ Kb5 41. Rb3+ Kc4 42. Rxb2 h5 43.
gxh5 1-0

[Event "*** Titled Tuesday 3|2 Blitz"]
[Site "Chess.com"]
[Date "2016.06.07"]
[Round "8"]
[White "Fibrinogen"]
[Black "GeorgMeier"]
[Result "0-1"]
[WhiteElo "2287"]
[BlackElo "2701"]
[TimeControl "180+2"]
[EndTime "12:38:19 PDT"]
[Termination "GeorgMeier won by resignation"]

1. e4 e6 2. Nf3 d5 3. exd5 exd5 4.
d4 Nf6 5. Bd3 Bd6 6. O-O O-O 7.
c3 c6 8. Re1 Bg4 9. Nbd2 Nbd7 10. h3 Bh5 11. Nf1 Qc7 12. Be3 Rfe8 13. Be2 Ne4 14.
N3d2 Bg6 15. Nxe4 Rxe4 16. Bd3 Re6 17. Bxg6 hxg6 18. Bd2 Rae8 19. Qc2 Nf6 20. Rxe6 Rxe6 21. Re1 Rxe1 22. Bxe1 Qe7 23. Qd2 Qe6 24. Qe3 Qf5 25. Qe2 Qb1 26. a3 Ne4 27. g3 Kf8 28. Kg2 Be7 29. f3 Nd6 30. Ne3 Bg5 31. f4 Be7 32. Nd1 a5 33. Kf3 a4 34. Nf2 Nc4 35. Nd3 f6 36. g4 Bd6 37. h4 Kf7 38. f5 gxf5 39. gxf5 Kf8 40. h5 Be7 41. Kg3 Nd6 42. Kg4 Ne4 43. Nf4 Bd6 44. Ng6+ Kf7 45. c4 Qc1 46. cxd5 Qg5+ 47. Kh3 Qxf5+ 48. Qg4 Qf1+ 49. Kh4 Qxe1+ 0-1

[Event "*** Titled Tuesday 3|2 Blitz"]
[Site "Chess.com"]
[Date "2016.06.07"]
[Round "8"]
[White "Abrito99"]
[Black "StoreySniper"]
[Result "1-0"]
[WhiteElo "2396"]
[BlackElo "2316"]
[TimeControl "180+2"]
[EndTime "12:38:26 PDT"]
[Termination "Abrito99 won by resignation"]

1. e4 g6 2. d4 Bg7 3. Nf3 c6 4.
h3 d5 5. e5 c5 6. c3 Nc6 7. Be2 Bf5 8. O-O Bxb1 9. Rxb1 e6 10. b4 c4 11. b5 Na5 12. Ba3 b6 13. Nh2 Ne7 14. Ng4 Ng8 15. f4 h5 16. Ne3 Nh6 17. Qe1 Bf8 18. Bxf8 Kxf8 19. g4 hxg4 20. hxg4 a6 21. Kg2 axb5 22. Rh1 Ke7 23. Rxb5 Kd7 24. Qb1 Kc6 25. Qb4 Ra6 26. Bf3 Kc7 27. Rb1 Nc6 28. Qb2 Nxg4 29. Nxg4 Qh4 30. Rxb6 Qh3+ 31. Kf2 Rha8 32.
Rxa6 Qh4+ 33. Ke3 Rb8 34. Rxc6+ Kxc6 35. Qxb8 1-0

[Event "*** Titled Tuesday 3|2 Blitz"]
[Site "Chess.com"]
[Date "2016.06.07"]
[Round "8"]
[White "Noukii"]
[Black "Rikikits"]
[Result "1-0"]
[WhiteElo "2653"]
[BlackElo "2443"]
[TimeControl "180+2"]
[EndTime "12:38:27 PDT"]
[Termination "Noukii won by resignation"]

1. d4 Nf6 2. c4 e6 3. Nc3 Bb4 4. Nf3 O-O 5. Bg5 d6 6. e3 Nbd7 7. Bd3 Bxc3+ 8. bxc3 e5 9. Nd2 Qe8 10. Qc2 h6 11. Bh4 b6 12. O-O Bb7 13. f3 Qe7 14.
Rfe1 Rae8 15. e4 c5 16. d5 Kh8 17. Nf1 Bc8 18. Ne3 Rg8 19. a4 a5 20. Rab1 Qf8 21. Rf1 Nh5 22. Kh1 Nf4 23. Rfe1 g5 24.
Bf2 h5 25. Bf1 g4 26. fxg4 hxg4 27. g3 Nf6 28. Rxb6 Rg6 29. Nf5 Nh3 30. Bxh3 gxh3 31. Rxd6 Ng4 32. Bxc5 Bxf5 33. exf5 Rxd6 34. Qe4 Rc8 35.
Bxd6 Nf2+ 36. Kg1 Nxe4 37. Bxf8 Ng5 38. Be7 Nf3+ 39. Kf2 Nxe1 40. Kxe1 1-0

[Event "*** Titled Tuesday 3|2 Blitz"]
[Site "Chess.com"]
[Date "2016.06.07"]
[Round "8"]
[White "kikydu96"]
[Black "AleksandrKholin"]
[Result "1-0"]
[WhiteElo "2342"]
[BlackElo "2115"]
[TimeControl "180+2"]
[EndTime "12:38:30 PDT"]
[Termination "kikydu96 won by resignation"]

1. e4 c5 2. Nf3 d6 3. d4 cxd4 4. Nxd4 Nf6 5. Nc3 a6 6. h3 e5 7. Nde2 Be7 8. g4 O-O 9. Bg2 b5 10. O-O Bb7 11. Be3 Nbd7 12. Ng3 Nb6 13. b3 Rc8 14. Qd2 b4 15. Nd5 Nfxd5 16. exd5 a5 17.
Nf5 Nd7 18. a3 Rc3 19. axb4 axb4 20. Ra7 Bc8 21. Ra8 Re8 22. Rfa1 Bf8 23. R1a7 Nb6 24. Rb8 Nd7 25. Rxb4 Rc7 26. Ra8 Nc5 27. Rbb8 Qd7 28. b4 Na6 29. Rxc8 Rcxc8 30. Rxa6 Qb7 31. Rc6 Red8 32. c4 Ra8 33. Kh2 Ra1 34. b5 Qa8 35. b6 Qa4 36. b7 Rb1 37. Rc7 Rb8 38. Nxd6 Qa6 39. c5 Bxd6 40. Rc8+ Rxc8 41. bxc8=Q+ Qxc8 42. cxd6 h5 43. gxh5 f5 44. Qa2 Rb8 45. Qa7 f4 46.
d7 Qd8 47. Bc5 Ra8 48. Qb7 Rb8 49. Qc6 Kh7 50. Be4+ Kh8 51. Qg6 1-0

[Event "*** Titled Tuesday 3|2 Blitz"]
[Site "Chess.com"]
[Date "2016.06.07"]
[Round "8"]
[White "1stSecond"]
[Black "Iuri_Shkuro"]
[Result "1-0"]
[WhiteElo "2575"]
[BlackElo "2405"]
[TimeControl "180+2"]
[EndTime "12:38:34 PDT"]
[Termination "1stSecond won on time"]

1. d4 Nc6 2. Nf3 d6 3. g3 g6 4.
Bg2 Bg7 5. O-O Nf6 6. c3 O-O 7. Nbd2 e5 8. dxe5 dxe5 9. e4 a5 10. Qc2 a4 11. Re1 h6 12. Nc4 Qe7 13. Ne3 Be6 14.
h3 Rfd8 15. Bd2 Qc5 16. Rec1 Rd7 17. Be1 Ne8 18. Bf1 Nd6 19. b4 axb3 20. axb3 Rxa1 21.
Rxa1 Ne8 22. b4 Qe7 23. b5 Nd8 24. c4 c6 25. Qb2 Nf6 26. Bb4 c5 27. Bc3 Nxe4 28.
Bxe5 f6 29. Qc2 Nxf2 30. Kxf2 fxe5 31. Qxg6 e4 32. Ne5 Rd6 33. Ra8 Bd7 34. Rxd8+ Qxd8 35. Qxd6 Bxe5 36. Qxe5 Qf8+ 37. Qf4 Qe7 38. Be2 Be6 39.
Qxe4 Qf6+ 40. Qf4 1-0

[Event "*** Titled Tuesday 3|2 Blitz"]
[Site "Chess.com"]
[Date "2016.06.07"]
[Round "8"]
[White "saraswathii"]
[Black "lukas_111111"]
[Result "0-1"]
[WhiteElo "1975"]
[BlackElo "2256"]
[TimeControl "180+2"]
[EndTime "12:38:35 PDT"]
[Termination "lukas_111111 won by resignation"]

1. e4 e5 2. d3 Bc5 3. Nf3 Nc6 4. g3 Nf6 5. Bg2 O-O 6. O-O d6 7. c3 a6 8. d4 Ba7 9. d5 Ne7 10. Qe2 Kh8 11. c4 Nfg8 12. Nc3 f5 13. exf5 Nxf5 14. Ne4 h6 15. Bd2 Nf6 16. Bc3 Ng4 17. h3 Nf6 18. Kh2 Bd7 19. Nfd2 Nd4 20. Qd1 b5 21. cxb5 Bxb5 22.
Re1 Bd3 23. Nxf6 Qxf6 24. Re3 Bc2 25. Qe1 Qxf2 26. Qxf2 Rxf2 27. Rc1 Raf8 28. Bxd4 Bxd4 29. Ra3 Rxd2 0-1

[Event "*** Titled Tuesday 3|2 Blitz"]
[Site "Chess.com"]
[Date "2016.06.07"]
[Round "8"]
[White "Blitzstream"]
[Black "TomsKantans"]
[Result "1-0"]
[WhiteElo "2514"]
[BlackElo "2447"]
[TimeControl "180+2"]
[EndTime "12:38:39 PDT"]
[Termination "Blitzstream won by resignation"]

1. d4 Nf6 2. Bg5 e6 3. e4 h6 4. Bxf6 Qxf6 5. c3 d6 6. Bd3 Nd7 7. Ne2 b6 8. O-O Bb7 9. Nd2 g5 10. f4 O-O-O 11. a4 c5 12. a5 Kc7 13. axb6+ axb6 14. Ba6 Bc6 15. Qb3 d5 16. Bb5 c4 17.
Nxc4 Nc5 18. dxc5 Bxc5+ 19. Kh1 dxc4 20. Qxc4 Bb7 21. fxg5 Qe7 22. b4 hxg5 23. bxc5 bxc5 24. Ba6 Bc6 25. Nd4 cxd4 26. Bb5 Qd6 27. e5 Qd5 28. Ra7+ Kb6 29. Ra6+ 1-0

[Event "*** Titled Tuesday 3|2 Blitz"]
[Site "Chess.com"]
[Date "2016.06.07"]
[Round "8"]
[White "kpio91"]
[Black "platy3"]
[Result "0-1"]
[WhiteElo "2540"]
[BlackElo "2684"]
[TimeControl "180+2"]
[EndTime "12:38:40 PDT"]
[Termination "platy3 won by resignation"]

1. e4 c5 2. Nf3 e6 3. d4 cxd4 4. Nxd4 a6 5. c4 Nf6 6. Nc3 Qc7 7. a3 Be7 8. Be2 O-O 9. O-O b6 10. Be3 Bb7 11. f3 d6 12. Rc1 Nbd7 13. b4 Rac8 14. Qe1 Qb8 15. Qf2 Bd8 16. Nb3 Bc7 17. g3 Rfe8 18. Rfd1 Qa8 19. Bd4 Bc6 20. a4 Bb7 21. Ra1 Qb8 22. a5 bxa5 23. Nxa5 Ba8 24. Rdb1 Bb6 25.
c5 Bxa5 26. bxa5 Qc7 27. cxd6 Qxd6 28. Na4 Rc2 29. Rb2 Rec8 30. Nb6 Rc1+ 31. Bf1 Rxa1 32. Nxc8 Qa3 33. Rc2 Rd1 34. Rd2 Rxd2 35. Qxd2 Qxf3 36. Bxf6 gxf6 37. Qxd7 Qe3+ 38. Kg2 Bxe4+ 39. Kh3 Qh6+ 0-1

[Event "*** Titled Tuesday 3|2 Blitz"]
[Site "Chess.com"]
[Date "2016.06.07"]
[Round "8"]
[White "ItalianMachine"]
[Black "dabee"]
[Result "0-1"]
[WhiteElo "2322"]
[BlackElo "2414"]
[TimeControl "180+2"]
[EndTime "12:38:44 PDT"]
[Termination "dabee won by resignation"]

1. e4 e5 2. Nf3 Nc6 3. Bb5 a6 4.
Ba4 Nf6 5. d3 d6 6. O-O g6 7. h3 Bg7 8. c3 O-O 9. Re1 Bd7 10. Bc2 h6 11. d4 Re8 12. Nbd2 Nh5 13. Nf1 Qf6 14. dxe5 Nxe5 15. Nxe5 Rxe5 16. Be3 Re7 17. Bd4 Qg5 18. Be3 Nf4 19. Qf3 Be5 20. Kh1 Qh4 21. Nh2 Ne6 22. Ng4 Ng5 23. Bxg5 hxg5 24.
Nf6+ Bxf6 25. Qxf6 Re6 26. Qd4 Bc6 27. Re3 g4 28. Rf1 Rae8 29. Rg3 Bxe4 30. Bb3 gxh3 31. Kg1 hxg2 32. Rxg2 c5 33. Qe3 Bxg2 34. Bxe6 Rxe6 0-1

[Event "*** Titled Tuesday 3|2 Blitz"]
[Site "Chess.com"]
[Date "2016.06.07"]
[Round "8"]
[White "FairChess_on_YouTube"]
[Black "E-Shaposhnikov"]
[Result "1/2-1/2"]
[WhiteElo "2718"]
[BlackElo "2608"]
[TimeControl "180+2"]
[EndTime "12:38:46 PDT"]
[Termination "Game drawn by repetition"]

1. d4 Nf6 2. Nf3 e6 3. c4 b6 4. g3 Ba6 5. Nbd2 c5 6. Bg2 Nc6 7. dxc5 Bxc5 8. O-O O-O 9. a3 Be7 10. b4 Bb7 11. Bb2 Rc8 12. Qb1 d6 13. Ng5 h6 14.
Bxf6 hxg5 15. Bb2 Bf6 16. Rd1 Bxb2 17. Qxb2 Qe7 18. Rac1 Rfd8 19. Ne4 f5 20. Nd2 Ne5 21. Bxb7 Qxb7 22. Qd4 Qe7 23. Nf3 Nxf3+ 24. exf3 Kf7 25. Qe3 Rh8 26. Rd4 Rh3 27. Rcd1 Rch8 28. Kf1 Rxh2 29.
Rxd6 Rh1+ 30. Ke2 Rxd1 31. Rxd1 Rc8 32. Rd4 Kg6 33. f4 gxf4 34. gxf4 a5 35. Qe5 axb4 36. axb4 Kh7 37. b5 Ra8 38. Rd2 Rc8 39. Rd4 Ra8 40.
Rd2 Rc8 41. Rd4 Ra8 1/2-1/2

[Event "*** Titled Tuesday 3|2 Blitz"]
[Site "Chess.com"]
[Date "2016.06.07"]
[Round "8"]
[White "Iball95"]
[Black "PowerThinking2650"]
[Result "1-0"]
[WhiteElo "2456"]
[BlackElo "2219"]
[TimeControl "180+2"]
[EndTime "12:38:46 PDT"]
[Termination "Iball95 won by resignation"]

1. c4 Nf6 2. Nf3 g6 3. g3 Bg7 4. Bg2 O-O 5. O-O d6 6. Nc3 e5 7. d4 exd4 8. Nxd4 Nbd7 9. b3 Re8 10. Bb2 Nc5 11. Qc2 h5 12. h3 h4 13. g4 a5 14.
Rad1 c6 15. Rfe1 Qb6 16. e3 a4 17. Nxa4 Nxa4 18. bxa4 Qb4 19. Nb3 Rxa4 20. a3 Qxc4 21.
Qxc4 Rxc4 22. Bxf6 Bxf6 23. Rxd6 Be7 24. Rd3 Bxa3 25.
Na5 Ra4 26. Nxc6 bxc6 27. Bxc6 Ba6 28. Bxa4 Bxd3 29. Bxe8 f5 30. Bc6 Kg7 31. Rd1 Be2 32. Rd7+ Kf6 33. gxf5 gxf5 34. Kg2 Be7 35. Bf3 Bc4 36.
Rc7 Be6 37. Ra7 Bd6 38. Ra6 Ke5 39. Ra5+ Kf6 40. Ra4 f4 41. exf4 Be7 42. Ra6 Kf7 43.
Bh5+ 1-0

[Event "*** Titled Tuesday 3|2 Blitz"]
[Site "Chess.com"]
[Date "2016.06.07"]
[Round "8"]
[White "annakantane"]
[Black "iaraldinho"]
[Result "0-1"]
[WhiteElo "2302"]
[BlackElo "2462"]
[TimeControl "180+2"]
[EndTime "12:38:47 PDT"]
[Termination "iaraldinho won on time"]

1. e4 c5 2. Nf3 a6 3. c4 d6 4.
d4 cxd4 5. Nxd4 Nf6 6. Nc3 e6 7.
Be2 Be7 8. O-O O-O 9. Be3 Nc6 10. Rc1 Bd7 11. f3 Rc8 12. Qd2 Qc7 13. Nxc6 Bxc6 14.
Nd5 Bxd5 15. cxd5 Qd7 16. dxe6 fxe6 17. b3 d5 18. e5 Ne8 19. Rxc8 Qxc8 20. Rc1 Qb8 21. f4 g6 22. Bb6 Ng7 23. g4 g5 24.
fxg5 Qxe5 25. Bd4 Qxg5 26. Qxg5 Bxg5 27. Rc7 Bf6 28. Bc5 Rb8 29. Ba7 Ra8 30. Bb6 e5 31.
Rxb7 Ne6 32. Ba7 e4 33. Rb8+ Rxb8 34. Bxb8 a5 35. Bb5 Kg7 36. Kf2 d4 37. Bc6 Bh4+ 38.
Ke2 d3+ 39. Kd2 Bg5+ 40. Kc3 Nc5 41. Be5+ Bf6 42. Bxf6+ Kxf6 43. a3 e3 44. b4 axb4+ 45. axb4 e2 46. Kd2 Nb3+ 47. Ke1 Nd4 48. g5+ Ke7 0-1

[Event "*** Titled Tuesday 3|2 Blitz"]
[Site "Chess.com"]
[Date "2016.06.07"]
[Round "8"]
[White "rdclayton"]
[Black "mwpchess"]
[Result "0-1"]
[WhiteElo "2063"]
[BlackElo "2364"]
[TimeControl "180+2"]
[EndTime "12:39:02 PDT"]
[Termination "mwpchess won by resignation"]

1. d4 Nf6 2. c4 e6 3. Nf3 d5 4.
Nc3 dxc4 5. e3 a6 6. Bxc4 b5 7. Be2 Bb7 8. O-O Nbd7 9. Qc2 c5 10. Rd1 cxd4 11. Nxd4 Qb8 12. Nb3 Bd6 13. Na5 Bxh2+ 14. Kh1 Bc7 15. Nxb7 Qxb7 16. Bf3 Qa7 17. Bxa8 Qxa8 18.
b3 O-O 19. Bb2 Rc8 20. Qe2 b4 21. Na4 Qe4 22. Qf3 Qh4+ 23. Qh3 Qxf2 24. Rac1 Ne4 25.
Rxd7 Ng3+ 26. Qxg3 Qxg3 27. Rcxc7 Qxc7 28. Rxc7 Rxc7 29. Kg1 Rc2 30. Bd4 Rxa2 31. Bc5 Ra3 32. Bxb4 Rxb3 33.
Bc5 Rb1+ 34. Kf2 Ra1 35. Nc3 f6 36. Kf3 Kf7 37. Ne4 g5 38. Nd6+ Kg6 39. Ne8 Rc1 40. Bd4 a5 41. Nxf6 Rf1+ 42. Ke2 Rxf6 0-1

[Event "*** Titled Tuesday 3|2 Blitz"]
[Site "Chess.com"]
[Date "2016.06.07"]
[Round "8"]
[White "andretta"]
[Black "talaicito"]
[Result "1-0"]
[WhiteElo "2156"]
[BlackElo "1931"]
[TimeControl "180+2"]
[EndTime "12:39:02 PDT"]
[Termination "andretta won on time"]

1. b3 e5 2. Bb2 d6 3. e3 g6 4. d4 Bg7 5. dxe5 Nc6 6. Nf3 Bg4 7.
Be2 dxe5 8. O-O Qxd1 9. Rxd1 Nge7 10. h3 Bf5 11. c4 h5 12. Nc3 O-O 13. Nd5 e4 14.
Bxg7 Kxg7 15. Nh4 Rac8 16. Nxf5+ Nxf5 17. Nc3 Rfe8 18. Rac1 Ne5 19. Nxe4 h4 20. Nc5 b6 21. Ne4 Nc6 22. Ng5 Re7 23. c5 Nb4 24. a3 Nxe3 25.
fxe3 Rxe3 26. axb4 Rxe2 27. Rd7 Kf6 28. Nxf7 Rb2 29. Rf1+ Ke6 30. c6 Rxb3 31. Nd8+ Ke5 32. Re1+ Kf6 33. Rf7+ Kg5 34. Re8 Rb1+ 35. Kh2 Rxb4 36.
Rd7 1-0

[Event "*** Titled Tuesday 3|2 Blitz"]
[Site "Chess.com"]
[Date "2016.06.07"]
[Round "8"]
[White "howitzer14"]
[Black "dretch"]
[Result "1-0"]
[WhiteElo "2731"]
[BlackElo "2601"]
[TimeControl "180+2"]
[EndTime "12:39:09 PDT"]
[Termination "howitzer14 won by checkmate"]

1. e4 e6 2. d4 d5 3. Nd2 c5 4.
Ngf3 cxd4 5. Nxd4 Nc6 6. Bb5 Bd7 7. Nxc6 bxc6 8. Bd3 Qc7 9. O-O Bd6 10. Nf3 dxe4 11.
Bxe4 Nf6 12. Re1 Nxe4 13. Rxe4 c5 14. Rg4 g6 15. Bg5 f5 16. Rh4 Bc6 17. Qe2 Kf7 18.
Re1 Rae8 19. Ne5+ Kg7 20. Bh6+ Kg8 21. Qe3 Bd5 22. c4 Bb7 23. Qc3 Qe7 24. Rh3 Qf6 25. Rd3 Be7 26. Rd7 Bc8 27. Rd3 f4 28. h4 Qxh4 29. Ng4 Bf8 30. Nf6+ Kf7 31. Nxe8 Qxh6 32. Qxh8 Kxe8 33. Red1 Kf7 34. Rd8 Ba6 35. R1d7+ Be7 36.
Qe8+ Kf6 37. Qxe7+ Kf5 38. Rf8+ Kg4 39. Qxe6+ Kg5 40.
Rd5+ Kh4 41. Qh3# 1-0

[Event "*** Titled Tuesday 3|2 Blitz"]
[Site "Chess.com"]
[Date "2016.06.07"]
[Round "8"]
[White "DrHolmes13"]
[Black "Zhani-Z"]
[Result "1-0"]
[WhiteElo "2404"]
[BlackElo "2234"]
[TimeControl "180+2"]
[EndTime "12:39:30 PDT"]
[Termination "DrHolmes13 won on time"]

1. Nf3 Nf6 2. c4 e6 3. Nc3 c5 4. g3 b6 5. Bg2 Bb7 6. O-O Be7 7.
d4 cxd4 8. Qxd4 Nc6 9. Qd3 O-O 10. Bf4 d5 11. cxd5 Nb4 12. Qd2 Nbxd5 13. Nxd5 Nxd5 14. Be5 f6 15. Bc3 Nxc3 16. Qxc3 Rc8 17. Qe3 e5 18.
Nh4 Bxg2 19. Nxg2 Qc7 20. Qb3+ Qc4 21. Ne3 Qxb3 22. axb3 a5 23. Rfd1 Bc5 24. Nc4 Rfd8 25. e3 Kf7 26. Kf1 Ke6 27. Ke2 e4 28. Rac1 Rxd1 29.
Rxd1 b5 30. Nd2 f5 31. Rc1 Rc7 32. b4 axb4 33. Nb3 Bd6 34. Nd4+ Kf6 35. Rxc7 Bxc7 36. Nxb5 Be5 37. b3 Ke6 38. f4 exf3+ 39. Kxf3 Kd5 40.
Na7 1-0

[Event "*** Titled Tuesday 3|2 Blitz"]
[Site "Chess.com"]
[Date "2016.06.07"]
[Round "8"]
[White "HansCoolNiemann"]
[Black "Keaton87"]
[Result "1/2-1/2"]
[WhiteElo "2317"]
[BlackElo "2474"]
[TimeControl "180+2"]
[EndTime "12:39:32 PDT"]
[Termination "Game drawn - insufficient material"]

1. b3 a5 2. e4 a4 3. d4 axb3 4.
cxb3 g6 5. Bb2 Bg7 6. Nf3 c5 7. Be2 Nc6 8. O-O cxd4 9. Nxd4 Nf6 10. Nc3 O-O 11. Nd5 Nxe4 12. Bf3 Nf6 13. Nxc6 dxc6 14. Nxf6+ Bxf6 15. Bxf6 Qxd1 16. Rfxd1 exf6 17. a4 Be6 18. b4 Rfd8 19. a5 Kf8 20. Rxd8+ Rxd8 21. b5 Bd5 22. a6 bxa6 23. bxc6 Bxf3 24. gxf3 Ra8 25. c7 Rc8 26. Rxa6 Ke7 27. Ra7 Kd7 28. Ra6 f5 29. Rf6 Ke7 30. Rc6 Kd7 31. Rf6 Rxc7 32. Rxf7+ Kd6 33. Rf8 Ke5 34. Kg2 Kf4 35. Ra8 Rc4 36. Ra7 h6 37. Rg7 Kg5 38. Kg3 Kh5 39. Rf7 Rc5 40. h3 g5 41. f4 g4 42. hxg4+ fxg4 43. Re7 Rc3+ 44. Re3 Rc5 45. Re5+ Rxe5 46. fxe5 Kg5 47. e6 Kf6 48.
Kxg4 Kxe6 49. Kh5 Kf5 50. Kxh6 Kf4 51. Kh5 Kf3 52. Kh4 Kxf2 1/2-1/2

[Event "*** Titled Tuesday 3|2 Blitz"]
[Site "Chess.com"]
[Date "2016.06.07"]
[Round "8"]
[White "Usurpov"]
[Black "Rumpel-VK"]
[Result "1/2-1/2"]
[WhiteElo "2342"]
[BlackElo "2422"]
[TimeControl "180+2"]
[EndTime "12:39:41 PDT"]
[Termination "Game drawn by agreement"]

1. e4 c5 2. Nf3 Nf6 3. e5 Nd5 4. Nc3 Nxc3 5. dxc3 Nc6 6. Bf4 Qb6 7. b3 Qa5 8. Qd2 e6 9. Bd3 h6 10. h4 Ne7 11. h5 Nd5 12. c4 Qxd2+ 13. Bxd2 Nb4 14.
Be4 d5 15. exd6 f5 16. Bd3 Nxd3+ 17. cxd3 Bxd6 18. d4 cxd4 19. Nxd4 a6 20. Bc3 e5 21. Nf3 e4 22. Ne5 Bxe5 23. Bxe5 Kf7 24. Ke2 Be6 25.
Rad1 Rhd8 26. Ke3 Kf8 27. Kf4 Kf7 28. a4 Kf8 29. a5 Kf7 30. Bc3 Kf8 31. Bb4+ Kf7 32.
Bd6 Rd7 33. Ke5 Re8 34. Kf4 Red8 35. Ke5 Re8 36. Kf4 g5+ 37. hxg6+ Kxg6 38. Rd4 Bf7 39.
Rhd1 Red8 40. Be5 Rxd4 41. Rxd4 Rxd4 42. Bxd4 Be8 43. Ke5 Bc6 44. Be3 h5 45. g3 Bd7 46.
b4 Kf7 47. Kd6 Ke8 48. Kc7 Bc6 49. Kb6 Kd7 50. b5 axb5 51. cxb5 Bd5 52. Kc5 Bb3 53. a6 bxa6 54. bxa6 Kc7 55. Kd4 Kb6 56. Ke5+ Kxa6 57. Kxf5 Bd1 58. Kxe4 Kb7 59. Ke5 Kc8 60. Kf6 Kd7 61.
Kg7 Bf3 62. Bd4 Ke6 63. Kg6 Kd5 64. Ba1 Ke4 65. Kg5 Kd3 66. Kf4 Ke2 67. Bd4 Bg4 68.
Be3 Bf3 69. Kg5 Bg4 70. Kh4 Bf3 71. Bd4 Bg4 72. Bc5 Bf3 73. Be3 Bg4 74. Bc5 Kf3 75.
Be3 1/2-1/2

[Event "*** Titled Tuesday 3|2 Blitz"]
[Site "Chess.com"]
[Date "2016.06.07"]
[Round "8"]
[White "severomorskij"]
[Black "Lukianoo"]
[Result "0-1"]
[WhiteElo "2598"]
[BlackElo "2628"]
[TimeControl "180+2"]
[EndTime "12:39:51 PDT"]
[Termination "Lukianoo won on time"]

1. d4 Nf6 2. c4 e6 3. Nf3 Bb4+ 4. Nbd2 b6 5. a3 Bxd2+ 6. Qxd2 Bb7 7. e3 O-O 8. Be2 d6 9. b4 Nbd7 10. Bb2 Ne4 11.
Qd3 f5 12. O-O Rf6 13. d5 Rg6 14. dxe6 Rxe6 15. Nd4 Rg6 16. g3 Ne5 17. Qc2 Ng5 18. f3 c5 19. bxc5 bxc5 20. Nxf5 Ngxf3+ 21. Bxf3 Nxf3+ 22. Rxf3 Bxf3 23. Rf1 Bg4 24. Qe4 Bxf5 25. Qxf5 Qe8 26. Qd5+ Kh8 27. e4 Rb8 28. Bc3 h6 29.
Rf7 Rg5 30. Qxd6 Rb1+ 31. Rf1 Rxf1+ 32. Kxf1 Kh7 33. Qf4 Qe6 34. h4 Rg4 35. Qf3 Qxc4+ 36.
Kf2 Qxe4 37. Qf7 Qg6 38. Qf3 Qc2+ 39. Kg1 Rg6 40. Be1 Re6 41. Bf2 c4 42. Qd5 Qb1+ 43.
Kh2 Qe4 44. Qc5 Qd3 45. g4 c3 46. g5 Qd6+ 0-1

[Event "*** Titled Tuesday 3|2 Blitz"]
[Site "Chess.com"]
[Date "2016.06.07"]
[Round "8"]
[White "Dlugy"]
[Black "hansen"]
[Result "0-1"]
[WhiteElo "2590"]
[BlackElo "2570"]
[TimeControl "180+2"]
[EndTime "12:39:56 PDT"]
[Termination "hansen won by resignation"]

1. d4 Nf6 2. Bf4 d6 3. Nc3 a6 4.
e4 Nc6 5. d5 Ne5 6. Nf3 Bg4 7.
Be2 Bxf3 8. gxf3 c6 9. dxc6 bxc6 10. Be3 e6 11. f4 Ned7 12. Rg1 d5 13. e5 Ng8 14. Na4 Ne7 15. Bd3 g6 16. c4 dxc4 17.
Bxc4 Nd5 18. Bxd5 cxd5 19. Rc1 Bb4+ 20. Kf1 O-O 21. a3 Be7 22. h4 Qa5 23. h5 Rac8 24.
hxg6 fxg6 25. Rxc8 Rxc8 26. Kg2 Qb5 27. b4 Rc4 28.
Kh3 a5 29. Qg4 Kf7 30. Nc5 Nxc5 31. Bxc5 Bxc5 32. bxc5 Rc3+ 33. Kh2 Qxc5 34. Qh4 Kg8 35. Rb1 Qc7 36. Qf6 Rc6 37. Rb5 d4 38. Rb3 Qc8 39. Rd3 Rc4 40. Rb3 Rc6 41. Kg3 Rc3+ 42.
Rxc3 dxc3 43. f5 gxf5 44. Qg5+ Kf8 45. Qf6+ Ke8 46. Qh8+ Kd7 47. Qxh7+ Kc6 48. Qh1+ Kb5 49. Qb1+ Ka4 50. Qc2+ Kxa3 51. Kf4 Qc4+ 52. Kg5 Qb3 53. Qc1+ Qb2 54. Qe3 Qd2 0-1

[Event "*** Titled Tuesday 3|2 Blitz"]
[Site "Chess.com"]
[Date "2016.06.07"]
[Round "8"]
[White "Philofive"]
[Black "biostatistician"]
[Result "0-1"]
[WhiteElo "2330"]
[BlackElo "2305"]
[TimeControl "180+2"]
[EndTime "12:40:12 PDT"]
[Termination "biostatistician won by resignation"]

1. d4 Nf6 2. Bg5 Ne4 3. Bf4 d5 4. e3 Bf5 5. Bd3 e6 6. Ne2 Bd6 7. O-O O-O 8. Nd2 Nxd2 9. Qxd2 Bxd3 10. Qxd3 Nc6 11. Bxd6 Qxd6 12. Rfd1 Nb4 13. Qb3 b6 14. Nf4 c5 15. dxc5 Qxc5 16. c3 Nc6 17. Rac1 Rfd8 18. Nd3 Qc4 19. Qxc4 dxc4 20. Ne1 b5 21. Kf1 e5 22. e4 g6 23. Nc2 Kg7 24. Ke2 f5 25. f3 f4 26. g4 Kf6 27. h4 Ke6 28. Na3 a6 29. Nc2 h6 30. Ra1 Rab8 31. Rxd8 Rxd8 32. a4 Kd6 33. axb5 axb5 34. Rd1+ Kc5 35. Rxd8 Nxd8 36. Nb4 Nc6 37. Nd5 Kd6 38. Kd2 Ne7 39. Nb4 Nc8 40.
Kc2 Nb6 41. Kb1 Na4 42. Nd5 Nc5 43. Kc2 Nd3 44. Kd2 Nxb2 45. Nf6 Ke6 46. Ng8 h5 47. g5 Nd3 48. Nf6 b4 49. cxb4 Nxb4 50. Kc3 Nd3 51. Kd2 Nf2 52. Nd5 Kd6 53. Ke2 Nd3 54. Kd2 Nf2 55. Ke2 Nh3 56. Kd2 Ng1 57. Kc3 Nxf3 58. Kxc4 Nxh4 59. Kd3 Nf3 0-1